 Dungeon Crawl Stone Soup version 0.23.2-40-g277498a001 (webtiles) character file.

Game seed: 8671713115574624045

89 Deathwalker the Grasshopper (level 4, 0/34 HPs)
             Began as a Human Warper on Aug 17, 2019.
             Slain by an orc wizard
             ... wielding a +4 dagger
              (5 damage)
             ... on level 3 of the Dungeon.
             The game lasted 00:11:39 (2409 turns).

Deathwalker the Grasshopper (Human Warper)          Turns: 2409, Time: 00:11:40

Health: 0/34       AC:  5    Str: 11    XL:     4   Next: 84%
Magic:  8/8        EV: 12    Int: 13    God:
Gold:   97         SH:  0    Dex: 14    Spells: 8/8 levels left

rFire    . . .     SeeInvis .   a - +0 falchion
rCold    + . .     Gourm    .   (no shield)
rNeg     . . .     Faith    .   t - +2 leather armour {rC+}
rPois    .         Spirit   .   (no helmet)
rElec    .         Reflect  .   (no cloak)
rCorr    .         Harm     .   (no gloves)
MR       .....                  (no boots)
Stlth    +.........             (no amulet)
HPRegen  0.11/turn              (no ring)
MPRegen  0.11/turn              (no ring)

@: no status effects
A: no striking features
a: no special abilities


You were on level 3 of the Dungeon.
You were not hungry.

You visited 1 branch of the dungeon, and saw 3 of its levels.

You collected 97 gold pieces.

Inventory:

Hand Weapons
 a - a +0 falchion (weapon)
 j - a +0 dagger
Missiles
 c - 128 stones
 e - 4 tomahawks of dispersal
 m - 5 tomahawks
 q - 2 throwing nets (quivered)
 s - 12 poisoned needles
Armour
 b - a +0 leather armour
 t - a +2 leather armour of cold resistance (worn)
Jewellery
 x - a +3 ring of protection {unknown}
Scrolls
 d - a scroll of blinking
 g - a scroll of enchant weapon {unknown}
 r - a scroll of teleportation
 u - 2 scrolls of enchant armour
 w - a scroll of magic mapping {unknown}
Potions
 h - a potion of agility {unknown}
 i - a potion of heal wounds {unknown}
 k - a potion of cancellation {unknown}
 l - a potion of flight {unknown}
 n - a potion of ambrosia {unknown}
 o - a potion of brilliance {unknown}
 p - a potion of curing {unknown}
Comestibles
 f - 7 rations


   Skills:
 + Level 2.7 Fighting
 - Level 2.0(2.4) Short Blades
 - Level 2.0(2.4) Long Blades
 - Level 1.0 Throwing
 - Level 1.0 Armour
 + Level 2.6 Dodging
 + Level 2.8 Spellcasting
   Level 3.0 Translocations


You had 8 spell levels left.
You didn't know any spells.
Your spell library contained the following spells:

 Spells                   Type           Power        Failure   Level  Hunger
 Blink                    Tloc           N/A          14%         2    ###....
 Shroud of Golubria       Chrm/Tloc      #.........   26%         2    ###....
 Gell's Gravitas          Tloc           #.........   26%         3    ###....
 Lesser Beckoning         Tloc           #.........   26%         3    ###....
 Teleport Other           Tloc           #.......     26%         3    ###....
 Passage of Golubria      Tloc           N/A          65%         4    #####..


Dungeon Overview and Level Annotations

Branches:
Dungeon (3/15)

Altars:
Cheibriados
Elyvilon


Message History

You closely miss something. The orc closely misses you.
Something hits you but does no damage.
You hit something but do no damage. The orc barely misses you.
You hear some strange, mumbled words.
A magic dart appears from out of thin air!
The magic dart hits you.
You barely miss something. Something hits you.
* * * LOW HITPOINT WARNING * * *
The orc hits you but does no damage.
You hit something but do no damage. Something hits you.
* * * LOW HITPOINT WARNING * * *
The orc closely misses you.
You riposte.
You barely miss the orc. Something hits you but does no damage.
You hear some strange, mumbled words.
A puff of flame appears from out of thin air!
The puff of flame hits you.
* * * LOW HITPOINT WARNING * * *
There is a stone staircase leading up here.
Something hits you.
You die...

##########
#oo.o.o.@#
##o########
..#
#......#
#.#
#.o....#
#.#
#......#
#.#
#......#
#.#
##o#####
###.#####)#
...o.o.(.(#


You could see 5 orcs.

Vanquished Creatures
  2 adders
  2 worms (D:2)
  3 dart slugs
  3 leopard geckos
  2 orcs (D:3)
  10 bats
  3 giant cockroaches
  8 goblins
  4 hobgoblins
  2 jackals (D:2)
  4 quokkas (D:2)
  2 frilled lizards
  4 kobolds
  2 rats
51 creatures vanquished.

Notes
Turn   | Place    | Note
-------+----------+-------------------------------------------
     0 | D:1      | Deathwalker the Human Warper began the quest for the Orb.
     0 | D:1      | Reached XP level 1. HP: 16/16 MP: 3/3
   239 | D:1      | Reached XP level 2. HP: 20/22 MP: 5/5
   785 | D:1      | Reached XP level 3. HP: 28/28 MP: 6/6
  1083 | D:1      | Reached skill level 1 in Short Blades
  1204 | D:2      | Found a white marble altar of Elyvilon.
  1399 | D:2      | Reached XP level 4. HP: 19/34 MP: 7/7
  1680 | D:2      | Found a snail-covered altar of Cheibriados.
  2409 | D:3      | Slain by an orc wizard

Skill      XL: |  1  2  3  4 |
---------------+-------------+-----
Short Blades   | 1 2 |  2.0
Fighting       | |  2.7
Long Blades    | |  2.0
Throwing       | |  1.0
Armour         | |  1.0
Dodging        | |  2.6
Spellcasting   | |  2.8
Translocations | |  3.0

Action                   |  1- 3 |  4- 6 || total
-------------------------+-------+-------++-------
Melee: Falchion          |   111 |    69 ||   180
Throw: Tomahawk          |     3 |       ||     3
  Use: Scroll            |       |     2 ||     2
  Eat: Chunk             |     2 |     3 ||     5
Armor: Leather armour    |    38 |    29 ||    67
Dodge: Dodged            |   112 |    59 ||   171
       Rpst.: Falchion   |    36 |    20 ||    56
